 Dungeon Crawl Stone Soup version 0.28-a0-390-gb254ac4902 (webtiles) character file.

Game seed: 1386757159401616291

113 Demosthentine the Poker (level 4, 0/35 HPs)
             Began as a Merfolk Gladiator on Sept 4, 2021.
             Slain by an orc (3 damage)
             ... on level 4 of the Dungeon.
             The game lasted 00:01:52 (2443 turns).

Demosthentine the Poker (Merfolk Gladiator)         Turns: 2443, Time: 00:01:53

Health: 0/35       AC:  4    Str: 15    XL:     4   Next: 96%
Magic:  4/4        EV: 13    Int:  7    God:
Gold:   45         SH:  0    Dex: 15    Spells: 3/3 levels left

rFire   . . .      SeeInvis .   a - +0 trident
rCold   . . .      Faith    .   (no shield)
rNeg    . . .      Spirit   .   b - +0 leather armour
rPois   .          Reflect  .   c - +0 helmet
rElec   .          Harm     .   (no cloak)
rCorr   .          Rampage  .   (no gloves)
Will    .....                   (no boots)
Stlth   +.........              (no amulet)
HPRegen 0.11/turn               (no ring)
MPRegen 0.09/turn               (no ring)

@: no status effects
A: (nimble swimmer 2), mertail
a: no special abilities


You were on level 4 of the Dungeon.
You visited 1 branch of the dungeon, and saw 4 of its levels.

You collected 155 gold pieces.
You spent 110 gold pieces at shops.

Inventory:

Hand Weapons
 a - a +0 trident (weapon)
Missiles
 d - 3 throwing nets (quivered)
Armour
 b - a +0 leather armour (worn)
 c - a +0 helmet (worn)
Scrolls
 j - a scroll of identify
 l - a scroll of teleportation
Potions
 f - a potion of resistance {unknown}
 g - a potion of attraction {unknown}
 h - a potion of haste {unknown}
 i - a potion of flight {unknown}


   Skills:
 + Level 3.3 Fighting
 + Level 5.5 Polearms
 - Level 2.0 Throwing
 + Level 1.3 Armour
 + Level 5.0 Dodging


You had 3 spell levels left.
You didn't know any spells.
Your spell library contained the following spells:

 Spells                   Type           Power      Damage    Failure   Level
 Beastly Appendage        Tmut           0%         N/A       50%         1
 Blink                    Tloc           N/A        N/A       65%         2
 Wereblood                Tmut           0%         N/A       65%         2
 Spider Form              Tmut/Pois      0%         N/A       86%         3
 Manifold Assault         Tloc           0%         N/A       100%        5
 Storm Form               Tmut/Air       0%         N/A       100%        7


Dungeon Overview and Level Annotations

Branches:
Dungeon (3/15)

Altars:

Shops:
D:3 (?


Innate Abilities, Weirdness & Mutations

((You are quick and stealthy near water. (Stealth+, EV+, Speed+++)))
Your lower body shifts to a powerful aquatic tail in water.


Message History

The ball python barely misses you. The ball python constricts you.
Unknown command.
You escape the ball python's grasp.
Unknown command.
The ball python misses you. x2
The ball python barely misses you. The ball python closely misses you.
The orc wizard casts a spell.
The orc wizard flickers and vanishes! 2 orcs come into view.
The orc shouts!
You hear a shout!
An orc comes into view. It is wielding a +0 dagger.
An orc comes into view. It is wielding a +0 short sword.
Found a stone staircase leading up.
The orc shouts! x2; You hear a shout!
An orc priest comes into view. It is wielding a +0 flail.
The ball python barely misses you. The ball python grabs you.
The ball python constricts you.
* * * LOW HITPOINT WARNING * * *
You escape the ball python's grasp.
The orc hits you with a +0 falchion.
* * * LOW HITPOINT WARNING * * *
Okay, then.
As you read the scroll of fear, it crumbles to dust.
You assume a fearsome visage.
The ball python looks frightened!
The orc looks frightened! x4; The orc priest looks frightened!
Unknown command.
Cornered, the orc turns to fight!
Unknown command.
Unknown command.
Found a stone staircase leading down.
An orc wizard appears from thin air!
Reactivating autopickup.
Unknown command.
The orc begs for mercy.
Unknown command.
The orc closely misses you.
There is a stone staircase leading up here.
The orc wizard casts a spell.
The orc wizard flickers and vanishes!
Deactivating autopickup; reactivate with Ctrl-A.
The orc hits you with a +0 falchion.
You die...

#.# #.# ###### #K# #.#
#######....# #.# #K#
...........# #.# #o#
#######.#..####.#####.##
............{...........
##.##.#.#.{####.#.....##
..>.....oK......+......
##.#...@#..######......
# #..#.#..# #####...
#.##.#...o #.#. #.
o.#.#### #.#. # ###. #.


You could see an orc priest (fleeing), an orc and a kobold.

Vanquished Creatures
  A hound (D:4)
  Natasha (D:3)
  An adder (D:2)
  A worm (D:2)
  5 ball pythons
  5 bats (D:1)
  3 endoplasms
  A giant cockroach (D:1)
  3 goblins
  5 hobgoblins
  3 jackals (D:1)
  4 kobolds
  4 quokkas
  3 frilled lizards
  7 rats
47 creatures vanquished.

Notes
Turn   | Place    | Note
-------+----------+-------------------------------------------
     0 | D:1      | Demosthentine the Merfolk Gladiator began the quest for the
                  | Orb.
     0 | D:1      | Reached XP level 1. HP: 16/16 MP: 1/1
   333 | D:1      | Reached XP level 2. HP: 19/23 MP: 2/2
   986 | D:1      | Reached XP level 3. HP: 28/28 MP: 3/3
  1319 | D:2      | Reached skill level 5 in Polearms
  1322 | D:2      | Reached skill level 1 in Armour
  2043 | D:3      | Found Masossia's Magic Scroll Boutique.
  2049 | D:3      | Bought a scroll of identify for 26 gold pieces
  2049 | D:3      | Bought a scroll of fear for 45 gold pieces
  2049 | D:3      | Bought a scroll of teleportation for 39 gold pieces
  2130 | D:3      | Reached XP level 4. HP: 35/35 MP: 4/4
  2133 | D:3      | Found Roigarou's Weapon Shoppe.
  2139 | D:3      | Noticed Natasha
  2153 | D:3      | Killed Natasha
  2379 | D:3      | You fall into a shaft and drop 1 floor!
  2415 | D:4      | Reached skill level 5 in Dodging
  2443 | D:4      | Slain by an orc

Illustrated notes

Levels and vault maps discovered:
D:1:      erik_arrival_triangle_small, layout_basic, grunt_decor_mini_mirrors,
          due_unseen_surprise
D:2:      layout_loops_ring
D:3:      layout_basic, serial_shops, nicolae_shop_waterfront, shop, shop,
          hangedman_decor_push, uniq_natasha
D:4:      layout_basic, marbit_many_paths

Skill      XL: |  1  2  3  4 |
---------------+-------------+-----
Polearms       | 5 |  5.5
Armour         | 1 |  1.3
Fighting       | 3 |  3.3
Dodging        | 5 |  5.0
Throwing       | |  2.0

Action                   |  1- 3 |  4- 6 || total
-------------------------+-------+-------++-------
Melee: Trident           |   129 |    29 ||   158
  Use: Scroll            |     1 |     1 ||     2
       Potion            |       |     2 ||     2
 Stab: Sleeping          |     2 |       ||     2
       Distracted        |     1 |       ||     1
Armor: Leather armour    |    18 |     9 ||    27
Dodge: Dodged            |    61 |    26 ||    87

Table legend: (Time is in decaauts)
 A = Elapsed time spent in this place.
 B = Non-inter-level travel time spent in this place.
 C = Inter-level travel time spent in this place.
 D = Time resting spent in this place.
 E = Time spent auto-exploring this place.
 F = Levels seen in this place.
 G = Mean time per level.
                   A        B        C        D        E       F      G
               +--------+--------+--------+--------+--------+-----+--------+
         Total |   2449 |   2409 |     40 |      0 |   2039 |   4 |  612.2 |
       Dungeon |   2449 |   2409 |     40 |      0 |   2039 |   4 |  612.2 |
               +--------+--------+--------+--------+--------+-----+--------+

Top non-repeatable levels by time:
     D:1: 1305 daAuts
     D:2: 693 daAuts
     D:3: 386 daAuts
     D:4: 64 daAuts
